[Event "Titled Tuesday Blitz November 01 Late 2022"]
[White "Ferriz Barrios, Andres"]
[Black "Kollars, Dmitrij"]
[WhiteFideId "5104467"]
[BlackFideId "12909572"]
[WhiteElo "2260"]
[BlackElo "2584"]
[Result "0-1"]
[Round "04"]
[TimeControl "180+1"]
[Date "2022.11.02"]
[WhiteClock "0:00:23"]
[BlackClock "0:00:10"]

1. d4 Nf6 2. Nf3 e6 3. Nbd2 d5 4. e3 c5 5. c3 b6 6. Bd3 Bd6 7. O-O Nbd7 8. Qe2 Bb7 9. Re1 O-O 10. e4 dxe4 11. Nxe4 Nxe4 12. Bxe4 Bxe4 13. Qxe4 cxd4 14. cxd4 Nf6 15. Qh4 Nd5 16. Bg5 Be7 17. Bxe7 Qxe7 18. Qe4 Rfd8 19. a3 Rac8 20. h4 h6 21. Rac1 Qb7 22. Ne5 Rxc1 23. Rxc1 Rc8 24. Qe1 Nf4 25. Rxc8+ Qxc8 26. Qe3 Nd5 27. Qf3 f6 28. Ng6 Qc2 29. Qg4 Kf7 30. Nh8+ Kg8 31. Qxe6+ Kxh8 32. Qxd5 Qxb2 33. Qd8+ Kh7 34. g3 Qxa3 35. d5 b5 36. d6 Qc1+ 37. Kh2 Qd2 38. Kg2 Qd5+ 39. Kh2 b4 40. d7 b3 41. Qe8 b2 42. d8=Q Qxd8 43. Qxd8 b1=Q 44. Qa5 Qb6 45. Qf5+ Kg8 46. Qc8+ Kf7 47. Qd7+ Kf8 48. Qc8+ Ke7 49. Qf5 a5 50. Qe4+ Kd6 51. Qd3+ Ke5 52. f4+ Ke6 53. Qe4+ Kd6 54. Qd3+ Kc7 55. Qc4+ Qc6 56. Qf7+ Qd7 57. Qc4+ Kb6 58. Qb3+ Qb5 59. Qe6+ Qc6 60. Qb3+ Ka6 61. Qd3+ Ka7 62. Qd4+ Kb7 63. Qb2+ Ka8 64. Qa3 Qc7 65. Qf8+ Ka7 66. Qa3 h5 67. Qe3+ Kb7 68. Qb3+ Ka6 69. Qd3+ Kb6 70. Qb3+ Ka7 71. Qe3+ Kb8 72. Qe8+ Kb7 73. Qb5+ Ka7 74. Qxh5 a4 75. Qb5 Qc2+ 76. Kh3 Qc8+ 77. Kh2 Qc2+ 78. Kh3 Qb3 79. Qa5+ Kb7 80. Qd8 a3 81. Qe7+ Ka6 82. Qd6+ Ka5 83. Qc5+ Ka4 84. Qa7+ Kb4 85. Qb6+ Kc3 86. Qc5+ Kb2 87. Qd4+ Qc3 88. Qb6+ Kc1 89. Qg1+ Kc2 90. Qf2+ Qd2 91. Qc5+ Kb3 92. Qb5+ Qb4 93. Qd3+ Qc3 94. Qb5+ Kc2 95. Qe2+ Kb1 96. Qb5+ Ka1 97. Qf1+ Ka2 98. Qe2+ Kb3 99. Qb5+ Qb4 100. Qd3+ Kb2 101. Qe2+ Kc3 102. Qe3+ Kc4 103. Qe6+ Kb5 104. Qd7+ Kc5 105. Qc7+ Kd4 106. Qa7+ Kd3 107. Qd7+ Ke2 108. Qe6+ Kf1 109. Qa6+ Ke1 110. Qe6+ Kd1 111. Qd5+ Ke2 112. Kg2 Qb2 113. Qc4+ Kd2 114. Kf3 a2 115. Qd5+ Kc1 116. Qc4+ Qc2 117. Qf1+ Kb2 118. Qb5+ Qb3+ 119. Qxb3+ Kxb3 120. g4 a1=Q 121. h5 Qc3+ 122. Ke4 Qc6+ 123. Kf5 Qd7+ 124. Kg6 Qxg4+ 125. Kf7 Qxh5+ 126. Kxg7 Qf5 127. Kh6 Qxf4+ 128. Kg6 Kc4 0-1


[Site "https://www.chess.com"]

[Event "Titled Tuesday Blitz November 01 Late 2022"]
[White "Firouzja, Alireza"]
[Black "Hua, Lefong"]
[WhiteFideId "12573981"]
[BlackFideId "2602253"]
[WhiteElo "2903"]
[BlackElo "2610"]
[Result "1-0"]
[Round "04"]
[TimeControl "180+1"]
[Date "2022.11.01"]
[WhiteClock "0:01:16"]
[BlackClock "0:00:22"]

1. d4 Nf6 2. c4 c5 3. d5 e6 4. Nc3 exd5 5. cxd5 d6 6. e4 g6 7. Nf3 Bg7 8. Nd2 Nbd7 9. Be2 O-O 10. O-O Re8 11. a4 g5 12. Re1 Ne5 13. Nf1 h6 14. Ng3 a6 15. f4 gxf4 16. Bxf4 Ng6 17. Be3 Rb8 18. Rf1 Bd7 19. Qd2 Kh7 20. a5 Qe7 21. Rf2 b5 22. axb6 Rxb6 23. Raf1 Reb8 24. Nd1 Nxe4 25. Nxe4 Qxe4 26. Bd3 Qg4 27. Rxf7 Be8 28. Nf2 Qh5 29. Rf5 Qh4 30. g3 Qe7 31. Rh5 Rxb2 32. Qc1 Kg8 33. Bxh6 Bd4 34. Rf5 Ne5 35. Qg5+ Qxg5 36. Rf8# 1-0


[Site "https://www.chess.com"]

[Event "Titled Tuesday Blitz November 01 Late 2022"]
[White "Fishchuk, Vladyslav"]
[Black "Szpar, Milosz"]
[WhiteFideId "34122117"]
[BlackFideId "1184989"]
[WhiteElo "2054"]
[BlackElo "2422"]
[Result "0-1"]
[Round "04"]
[TimeControl "180+1"]
[Date "2022.11.02"]
[WhiteClock "0:00:06"]
[BlackClock "0:00:52"]

1. Nf3 c5 2. e4 d6 3. Bb5+ Nd7 4. a4 Nf6 5. Nc3 g6 6. O-O Bg7 7. a5 O-O 8. Re1 a6 9. Bf1 b5 10. axb6 a5 11. d3 Bb7 12. Bf4 Nh5 13. Be3 Qxb6 14. Qd2 e5 15. Ra3 Rfb8 16. Rea1 Bc6 17. b3 f5 18. Qd1 f4 19. Bd2 Bf6 20. Nd5 Bxd5 21. exd5 e4 22. dxe4 Bxa1 23. Qxa1 a4 24. Rxa4 Rxa4 25. bxa4 Qb2 26. Qd1 Qb1 27. Bc1 Nhf6 28. Bb5 Nxe4 29. Qe1 Ndf6 30. h3 g5 31. Kh2 h6 32. Bd3 Qb4 33. Bd2 Qxa4 34. c4 Re8 35. Qc1 Nxf2 36. Bc2 Qxc4 37. Qb2 N2e4 38. Bxe4 Nxe4 39. Qb7 Nf6 40. Bc1 Qxd5 41. Qc7 Re2 42. Bb2 Rxb2 43. Qd8+ Kg7 44. Qe7+ Kg6 45. Qf8 Qxf3 0-1


[Site "https://www.chess.com"]

[Event "Titled Tuesday Blitz November 01 Late 2022"]
[White "Floresvillar Gonzalez, Luis Migu"]
[Black "Ezat, Mohamed"]
[WhiteFideId "5100542"]
[BlackFideId "10600906"]
[WhiteElo "2040"]
[BlackElo "2386"]
[Result "0-1"]
[Round "04"]
[TimeControl "180+1"]
[Date "2022.11.02"]
[WhiteClock "0:00:25"]
[BlackClock "0:01:24"]

1. e4 e5 2. Nf3 Nf6 3. Nxe5 d6 4. Nf3 Nxe4 5. d3 Nf6 6. Bg5 d5 7. d4 Be7 8. Bd3 O-O 9. O-O Bg4 10. Nbd2 Nbd7 11. c3 c5 12. Qc2 Rc8 13. Rfe1 h6 14. Bh4 Re8 15. h3 Be6 16. dxc5 Nxc5 17. Bf5 Qd7 18. Bxe6 Nxe6 19. Ne5 Qc7 20. Ndf3 Ne4 21. Bxe7 Rxe7 22. Rad1 Nf4 23. Ng4 Rce8 24. Ne3 Qc5 25. Nxd5 Nxd5 26. Rxe4 Rxe4 27. b4 Qxc3 28. Qxc3 Nxc3 29. Rd7 Rxb4 30. a3 Rb6 31. Nd4 Ne2+ 32. Nxe2 Rxe2 0-1


[Site "https://www.chess.com"]

[Event "Titled Tuesday Blitz November 01 Late 2022"]
[White "Freile Martin, Javier"]
[Black "Lehtosaari, Mauri"]
[WhiteFideId "3600165"]
[BlackFideId "501999"]
[WhiteElo "2316"]
[BlackElo "2504"]
[Result "0-1"]
[Round "04"]
[TimeControl "180+1"]
[Date "2022.11.02"]
[WhiteClock "0:00:12"]
[BlackClock "0:00:45"]

1. c4 c6 2. Nc3 d5 3. e3 Nf6 4. Nf3 a6 5. b3 Bg4 6. Bb2 e6 7. Be2 Nbd7 8. cxd5 cxd5 9. h3 Bh5 10. Rc1 Rc8 11. O-O Bd6 12. Nh4 Bxe2 13. Nxe2 O-O 14. Rxc8 Qxc8 15. d3 Qc5 16. Bd4 Qa5 17. Qa1 Rc8 18. Rc1 Rxc1+ 19. Qxc1 Qxa2 20. Qc8+ Bf8 21. Nc1 Qd2 22. g4 h6 23. Nf3 Qd1+ 24. Kg2 b5 25. h4 Nxg4 26. Qxd7 Qxc1 27. Kg3 Nf6 28. Qd8 Qc6 29. Bxf6 gxf6 30. Qxf6 Qc7+ 31. Kg2 Bg7 32. Qf4 Qxf4 33. exf4 a5 34. d4 a4 35. bxa4 bxa4 36. Kf1 a3 37. Nd2 Bxd4 38. Nb3 a2 39. Ke2 a1=Q 40. Nxa1 Bxa1 41. f5 Bf6 42. fxe6 fxe6 43. h5 Kf7 0-1


[Site "https://www.chess.com"]

[Event "Titled Tuesday Blitz November 01 Late 2022"]
[White "Garayev, Kanan"]
[Black "Ashiku, Franc"]
[WhiteFideId "13406671"]
[BlackFideId "4700066"]
[WhiteElo "2244"]
[BlackElo "2306"]
[Result "1/2-1/2"]
[Round "04"]
[TimeControl "180+1"]
[Date "2022.11.02"]
[WhiteClock "0:00:55"]
[BlackClock "0:00:08"]

1. d4 Nf6 2. c4 e6 3. g3 d5 4. Bg2 dxc4 5. Nf3 Bb4+ 6. Nbd2 O-O 7. O-O c5 8. dxc5 Bxc5 9. Nxc4 Qc7 10. Bf4 Bxf2+ 11. Rxf2 Qxc4 12. Ne5 Qa6 13. Rc1 Nd5 14. Bg5 Nc6 15. Bxd5 Nxe5 16. Bg2 Ng4 17. Rf3 Qb6+ 18. e3 h6 19. Be7 Nxe3 20. Qb3 Qxb3 21. axb3 Re8 22. Rxe3 Rxe7 23. Rec3 Bd7 24. Bxb7 Rb8 25. Rc7 Kf8 26. Ra1 Be8 27. Rxe7 Kxe7 28. Rxa7 Kd6 29. b4 g5 30. b3 f5 31. Ra6+ Ke5 32. Ra5+ Kd4 33. Ba6 Rxb4 34. Bc4 Bd7 35. Ra7 Bc6 36. Bxe6 Be4 37. Ra5 Rb6 38. Bxf5 Bxf5 39. Rxf5 Ke4 40. Rf2 Rxb3 41. Rf6 g4 42. Rf4+ Ke5 43. Rxg4 Kf5 44. Rg8 Rb2 45. Rf8+ Kg4 46. Rf4+ Kg5 47. Rf2 Rb1+ 48. Kg2 h5 49. Ra2 Rc1 50. Ra5+ Kg6 51. Ra6+ Kg7 52. h4 Rc3 53. Ra5 Kg6 54. Rg5+ Kh6 55. Rf5 Kg6 56. Rf3 Rc2+ 57. Rf2 Rc3 58. Re2 Rb3 59. Kf2 Ra3 60. Re3 Ra2+ 61. Kf3 Ra4 62. Re4 Ra3+ 63. Kf4 Rb3 64. Re6+ Kg7 65. Re5 Kg6 66. Rg5+ Kh6 67. Rd5 Kg6 68. Rd6+ Kg7 69. Re6 Rb4+ 70. Re4 Rb3 71. Re3 Rb4+ 72. Kg5 Rb5+ 73. Kf4 Rb4+ 74. Re4 Rb3 75. Re7+ Kg6 76. Re6+ Kg7 77. Re5 Rb4+ 78. Re4 1/2-1/2


[Site "https://www.chess.com"]

[Event "Titled Tuesday Blitz November 01 Late 2022"]
[White "Gardezi, Arsal"]
[Black "Kobla, Vishal"]
[WhiteFideId "30949521"]
[BlackFideId "2078457"]
[WhiteElo "1906"]
[BlackElo "1972"]
[Result "1-0"]
[Round "04"]
[TimeControl "180+1"]
[Date "2022.11.02"]
[WhiteClock "0:00:16"]
[BlackClock "0:00:06"]

1. Nf3 Nf6 2. d4 d5 3. c4 e6 4. Nc3 a6 5. Bg5 dxc4 6. e4 Be7 7. Bxc4 O-O 8. O-O b5 9. Bd3 Bb7 10. Bxf6 Bxf6 11. e5 Be7 12. Rc1 Nc6 13. Ne2 Nb4 14. Bb1 Rc8 15. a3 Nd5 16. Nc3 c5 17. dxc5 Nxc3 18. Rxc3 Qxd1 19. Rxd1 Bxc5 20. Ng5 g6 21. Be4 Bxe4 22. Nxe4 Bb6 23. Rcd3 Rc2 24. Nf6+ Kg7 25. R3d2 Rfc8 26. g3 h5 27. Ne4 R8c4 28. Nd6 Rc5 29. Ne8+ Kf8 30. Nf6 Kg7 31. Kg2 Bc7 32. f4 g5 33. Ne4 gxf4 34. Nxc5 Rxc5 35. Rd7 Bb6 36. gxf4 Rc4 37. Kf3 Rc2 38. R1d2 Rxb2 39. Rxb2 1-0


[Site "https://www.chess.com"]

[Event "Titled Tuesday Blitz November 01 Late 2022"]
[White "Gareyev, Timur"]
[Black "ChessBrah"]
[WhiteFideId "14200937"]
[WhiteElo "2552"]
[BlackElo "2909"]
[Result "1/2-1/2"]
[Round "04"]
[TimeControl "180+1"]
[Date "2022.11.01"]
[WhiteClock "0:00:07"]
[BlackClock "0:00:02"]

1. d4 Nf6 2. c4 e6 3. Nc3 Bb4 4. e3 O-O 5. Ne2 d5 6. a3 Be7 7. cxd5 exd5 8. g3 a5 9. Bg2 c6 10. O-O Na6 11. b3 Bf5 12. Bb2 Re8 13. Nf4 Bd6 14. Nd3 h5 15. h3 h4 16. g4 Bh7 17. Qd2 Ne4 18. Nxe4 dxe4 19. Nf4 Nc7 20. d5 Bxf4 21. exf4 Nxd5 22. f5 Qb6 23. Bd4 Qxb3 24. Rfb1 Qa4 25. Bxg7 Kxg7 26. Qg5+ Kh8 27. Rxb7 Qd4 28. Re1 Ra7 29. Rxa7 Qxa7 30. Rxe4 Rxe4 31. Bxe4 Qe7 32. Qh6 f6 33. Bf3 Qg7 34. Qxh4 Qg5 35. Qg3 Qf4 36. Qg2 Qe5 37. Bxd5 cxd5 38. Qf3 Bg8 39. g5 Kg7 40. h4 Qd4 41. Qh5 Qa1+ 42. Kg2 d4 43. Qg6+ Kf8 44. gxf6 Bd5+ 45. f3 Qb2+ 46. Kg3 Qb7 47. h5 Qc7+ 48. f4 Bf7 49. Qg7+ Ke8 50. h6 Qc3+ 51. Kh4 Qf3 52. h7 Qh1+ 53. Kg3 Qg1+ 54. Kf3 Bd5+ 55. Ke2 Qe3+ 56. Kf1 Qf3+ 57. Ke1 Qe3+ 58. Kf1 Qf3+ 59. Ke1 Qc3+ 60. Kf2 Qd2+ 61. Kg3 Qe3+ 62. Kh4 Qxf4+ 63. Kh5 Qh2+ 64. Kg6 Qg3+ 65. Kh6 Qh4+ 66. Kg6 Qg4+ 67. Kh6 Qh3+ 68. Kg6 Qg4+ 69. Kh6 Qh4+ 70. Kg6 Qg4+ 1/2-1/2


[Site "https://www.chess.com"]

[Event "Titled Tuesday Blitz November 01 Late 2022"]
[White "Girsh, Daniel"]
[Black "Bacrot, Etienne"]
[WhiteFideId "30949190"]
[BlackFideId "605506"]
[WhiteElo "2075"]
[BlackElo "2666"]
[Result "0-1"]
[Round "04"]
[TimeControl "180+1"]
[Date "2022.11.02"]
[WhiteClock "0:00:19"]
[BlackClock "0:00:16"]

1. d4 Nf6 2. Bf4 c5 3. e3 g6 4. dxc5 Qa5+ 5. Nd2 Bg7 6. Nf3 O-O 7. Be2 Qxc5 8. O-O Qb6 9. Nc4 Qd8 10. h3 Nc6 11. Nd4 d6 12. Bf3 Bd7 13. Nxc6 bxc6 14. e4 Be6 15. Qe2 Nd7 16. Rad1 Bxc4 17. Qxc4 Bxb2 18. Qxc6 Rc8 19. Qa4 Rc7 20. Qb3 Be5 21. Bh6 Bg7 22. Bg5 Nc5 23. Qa3 Qc8 24. Rfe1 Ne6 25. Be3 a5 26. Re2 Rxc2 27. Qxa5 Rxe2 28. Bxe2 Qc2 29. Bf3 Rc8 30. Qd2 Qxd2 31. Rxd2 h5 32. g3 Rc4 33. Kg2 Bd4 34. Bxd4 Nxd4 35. Bd1 Ne6 36. Re2 Nc5 37. f3 Kg7 38. Rb2 Rd4 39. Be2 Ra4 40. Kf2 f5 41. exf5 gxf5 42. Bd1 h4 43. Bxa4 Nd3+ 44. Kg2 Nxb2 45. Bc2 hxg3 46. Kxg3 Kf6 47. a4 Nc4 48. Bd3 Na5 49. h4 e5 50. Bb5 d5 51. Kf2 d4 52. Ke2 e4 53. fxe4 fxe4 54. Ba6 Kf5 55. h5 Kg5 56. Bc8 d3+ 57. Ke3 Nc4+ 58. Kf2 e3+ 59. Ke1 d2+ 60. Ke2 Nb2 61. Kxe3 d1=Q 62. a5 Qe1+ 63. Kd4 Qxa5 64. Be6 Qa7+ 65. Ke5 Qg7+ 66. Kd6 Qh6 67. Ke7 Nd3 68. Bd7 Nf4 69. Kd8 Nxh5 70. Kc7 Ng7 71. Bc6 Qf6 72. Kb6 Ne6 73. Kb5 Qd4 74. Bd5 Qc5+ 75. Ka4 Qxd5 76. Ka3 Qb7 77. Ka2 Nd4 78. Ka1 Kf4 79. Ka2 Ke3 80. Ka1 Kd3 81. Ka2 Kc3 82. Ka1 Qb2# 0-1


[Site "https://www.chess.com"]

[Event "Titled Tuesday Blitz November 01 Late 2022"]
[White "Gokerkan, Cem Kaan"]
[Black "Paravyan, David"]
[WhiteFideId "6336760"]
[BlackFideId "4194985"]
[WhiteElo "2365"]
[BlackElo "2555"]
[Result "0-1"]
[Round "04"]
[TimeControl "180+1"]
[Date "2022.11.01"]
[WhiteClock "0:00:16"]
[BlackClock "0:01:34"]

1. e4 e5 2. Nf3 Nf6 3. Bc4 Nxe4 4. Nc3 Nxc3 5. dxc3 f6 6. Nh4 g6 7. O-O c6 8. f4 d5 9. Bb3 e4 10. f5 g5 11. Qh5+ Kd7 12. c4 Bc5+ 13. Kh1 d4 14. Bxg5 fxg5 15. f6 Kc7 16. Qxg5 Nd7 17. c3 d3 18. Qf4+ Kb6 19. Bd1 Qxf6 20. Qxf6 Nxf6 21. Rxf6 a5 22. Rb1 e3 23. Bf3 e2 24. g3 Re8 25. Ng2 d2 0-1


[Site "https://www.chess.com"]

[Event "Titled Tuesday Blitz November 01 Late 2022"]
[White "Gubajdullin, Alexei"]
[Black "Boidiya, Sidi"]
[WhiteFideId "4141202"]
[BlackFideId "19600100"]
[WhiteElo "2200"]
[BlackElo "2113"]
[Result "1-0"]
[Round "04"]
[TimeControl "180+1"]
[Date "2022.11.02"]
[WhiteClock "0:01:25"]
[BlackClock "0:00:28"]

1. d4 d5 2. Nf3 e6 3. Bf4 Nf6 4. e3 Bd6 5. Bg3 c6 6. Nbd2 Qc7 7. Ne5 Nbd7 8. f4 O-O 9. Bd3 b6 10. Bh4 Bb7 11. g4 c5 12. c3 Ne4 13. Qc2 f5 14. gxf5 exf5 15. Rg1 Ndf6 16. O-O-O c4 17. Bxe4 Nxe4 18. Nxe4 dxe4 19. Rg3 Bxe5 20. fxe5 f4 21. exf4 Rxf4 22. Bf6 g6 23. Rdg1 Kf7 24. Qd2 Rf3 25. Qh6 Ke6 26. Qh3+ Rf5 27. Rxg6 hxg6 28. Rxg6 Qf7 29. Rg5 Bc8 30. Qxf5+ Kd5 31. e6+ 1-0


[Site "https://www.chess.com"]

[Event "Titled Tuesday Blitz November 01 Late 2022"]
[White "Gunduz, Umut Erdem"]
[Black "Wartiovaara, Oliver"]
[WhiteFideId "6381383"]
[BlackFideId "513024"]
[WhiteElo "2182"]
[BlackElo "2197"]
[Result "1-0"]
[Round "04"]
[TimeControl "180+1"]
[Date "2022.11.02"]
[WhiteClock "0:01:33"]
[BlackClock "0:01:13"]

1. e4 c5 2. Nf3 d6 3. d4 cxd4 4. Nxd4 Nf6 5. Nc3 a6 6. Bg5 Nbd7 7. Qe2 Qc7 8. O-O-O b5 9. Bxf6 Nxf6 10. e5 dxe5 11. Ndxb5 axb5 12. Nxb5 Qb8 13. Qc4 Bd7 14. Nc7+ Kd8 15. Nxa8 Qxa8 16. Qxf7 g6 17. Bb5 Bh6+ 18. Kb1 Rf8 19. Qe6 Qb7 20. Bc6 Qc7 21. Rxd7+ Nxd7 22. Rd1 1-0


[Site "https://www.chess.com"]

[Event "Titled Tuesday Blitz November 01 Late 2022"]
[White "Guzman, Christopher"]
[Black "Melikhov, Evgeny V."]
[WhiteFideId "6405096"]
[BlackFideId "4122046"]
[WhiteElo "2272"]
[BlackElo "2169"]
[Result "0-1"]
[Round "04"]
[TimeControl "180+1"]
[Date "2022.11.02"]
[WhiteClock "0:01:06"]
[BlackClock "0:00:10"]

1. e4 e5 2. Nf3 Nc6 3. Bb5 a6 4. Ba4 Nf6 5. O-O Nxe4 6. d4 b5 7. Bb3 d5 8. dxe5 Be6 9. Qe2 Be7 10. Rd1 O-O 11. c4 bxc4 12. Bxc4 Bc5 13. Be3 Bxe3 14. Qxe3 Qb8 15. Bb3 Na5 16. Nbd2 Qa7 17. Nd4 Nxd2 18. Rxd2 Nxb3 19. Nxb3 Qxe3 20. fxe3 Rab8 21. Rc1 Rfc8 22. Nc5 a5 23. Rdc2 Bf5 24. Rd2 Rb5 25. b3 h6 26. Rxd5 a4 27. Rd4 axb3 28. axb3 Ra8 29. h3 Ra2 30. e4 Be6 31. b4 Rb2 32. Nd3 Rd2 33. Rxc7 Rxe5 34. Kf1 Rg5 35. g4 h5 36. Ke1 Ra2 37. Nf4 hxg4 38. hxg4 Rxg4 39. Nxe6 Rg1# 0-1


[Site "https://www.chess.com"]

[Event "Titled Tuesday Blitz November 01 Late 2022"]
[White "Hajiyev, Kanan"]
[Black "Roque Sola, Gisela"]
[WhiteFideId "13404148"]
[BlackFideId "5120241"]
[WhiteElo "2118"]
[BlackElo "1961"]
[Result "1-0"]
[Round "04"]
[TimeControl "180+1"]
[Date "2022.11.02"]
[WhiteClock "0:01:34"]
[BlackClock "0:01:45"]

1. d4 Nf6 2. Nf3 e6 3. c4 d5 4. cxd5 exd5 5. Nc3 c6 6. Bg5 Be7 7. Qc2 h6 8. Bh4 Nbd7 9. e3 a5 10. Bd3 O-O 11. O-O Re8 12. Rac1 Ne4 13. Bxe7 Qxe7 14. Nd2 Ndf6 15. Ncxe4 dxe4 16. Be2 Bg4 17. Nc4 Bxe2 18. Qxe2 Nd5 19. a3 Rec8 20. Ne5 c5 21. Qg4 Nf6 22. Qf5 cxd4 23. Rxc8+ 1-0


[Site "https://www.chess.com"]

[Event "Titled Tuesday Blitz November 01 Late 2022"]
[White "Han, Yichen"]
[Black "Ter-Sahakyan, Samvel"]
[WhiteFideId "1054430"]
[BlackFideId "13302531"]
[WhiteElo "2323"]
[BlackElo "2604"]
[Result "0-1"]
[Round "04"]
[TimeControl "180+1"]
[Date "2022.11.01"]
[WhiteClock "0:00:22"]
[BlackClock "0:00:41"]

1. e4 c6 2. Nf3 d5 3. Nc3 Bg4 4. h3 Bxf3 5. Qxf3 e6 6. Be2 d4 7. Nb1 Bd6 8. d3 Ne7 9. O-O O-O 10. Bd1 Nd7 11. Qe2 e5 12. c3 c5 13. Na3 a6 14. Nc4 Bc7 15. a4 b5 16. axb5 axb5 17. Rxa8 Qxa8 18. Na3 Qb7 19. Bb3 Bd6 20. c4 b4 21. Nb5 Bb8 22. Bd2 f5 23. f3 Nf6 24. Bg5 h6 25. Bxf6 Rxf6 26. Ra1 Kh7 27. exf5 Nxf5 28. Qe4 Qxe4 29. fxe4 Ne3 30. Ra8 Bd6 31. Ra6 Rf1+ 32. Kh2 Be7 33. Re6 Bg5 34. Nd6 Rf2 35. Kg3 Rxg2+ 36. Kf3 Rxb2 37. Ba4 Bh4 0-1


[Site "https://www.chess.com"]

[Event "Titled Tuesday Blitz November 01 Late 2022"]
[White "Haszon, David"]
[Black "Marchesich, Giovanni"]
[WhiteFideId "733610"]
[BlackFideId "2824790"]
[WhiteElo "2211"]
[BlackElo "2200"]
[Result "1/2-1/2"]
[Round "04"]
[TimeControl "180+1"]
[Date "2022.11.02"]
[WhiteClock "0:00:14"]
[BlackClock "0:00:38"]

1. d4 g6 2. Nc3 Bg7 3. Bf4 d6 4. e4 Nh6 5. h4 f6 6. Qd2 Nf7 7. Bc4 e6 8. O-O-O O-O 9. h5 g5 10. Be3 h6 11. f4 a6 12. fxg5 Nxg5 13. Nf3 b5 14. Nxg5 fxg5 15. Bb3 Qe7 16. Kb1 Nd7 17. Nd5 Qd8 18. Rdf1 Bb7 19. Nc3 Qe7 20. d5 e5 21. Ne2 Nf6 22. Ng3 Bc8 23. Qd3 Bd7 24. c4 Ng4 25. c5 Nxe3 26. Qxe3 Rf4 27. c6 Bg4 28. Ne2 Bxe2 29. Qxe2 Raf8 30. g3 Rxf1+ 31. Rxf1 Rxf1+ 32. Qxf1 Qf7 33. Qxf7+ Kxf7 34. Kc2 Ke7 35. Kc3 Kd8 36. Bd1 Kc8 37. Bg4+ Kb8 38. Be6 Ka7 39. Bg4 Kb6 40. b4 a5 41. a3 axb4+ 42. axb4 Bf6 43. Kd3 Be7 44. Ke3 Bf6 45. Kf3 Be7 46. Bd7 g4+ 47. Kxg4 Bg5 48. Kf5 Bd2 49. g4 Bg5 50. Kg6 Bd2 51. Bf5 Bg5 52. Kh7 Bf4 53. Kg7 Bg5 54. Kf7 Bf4 55. Kg6 Bg5 56. Kg7 Bf4 57. Kg6 Bg5 1/2-1/2


[Site "https://www.chess.com"]

[Event "Titled Tuesday Blitz November 01 Late 2022"]
[White "Heinemann, Josefine"]
[Black "Itgelt, Khuyagtsogt"]
[WhiteFideId "12900460"]
[BlackFideId "4902912"]
[WhiteElo "2300"]
[BlackElo "2084"]
[Result "0-1"]
[Round "04"]
[TimeControl "180+1"]
[Date "2022.11.02"]
[WhiteClock "0:00:03"]
[BlackClock "0:00:03"]

1. e4 a6 2. d4 e6 3. Bd3 c5 4. c3 d5 5. e5 Nc6 6. Nf3 Bd7 7. O-O b5 8. Re1 Qb6 9. Be3 cxd4 10. cxd4 Rc8 11. Nc3 Bb4 12. Rc1 Na5 13. Bd2 Ne7 14. b3 Ba3 15. Rc2 Nac6 16. Ne2 Nb4 17. Rxc8+ Nxc8 18. Bb1 h6 19. Bc3 Nc6 20. Qd3 a5 21. Ng3 Be7 22. Nh5 g6 23. Nf4 b4 24. Bd2 N6a7 25. Nxg6 fxg6 26. Qxg6+ Kd8 27. Bxh6 Nb5 28. Bg7 Re8 29. Bf6 Nc3 30. Ng5 Nxb1 31. Rxb1 Kc7 32. Rc1+ Kb7 33. Bxe7 Nxe7 34. Qf7 Qxd4 35. Nxe6 Qxe5 36. Nc5+ Kc6 37. Nd3+ Qc3 38. Rxc3+ bxc3 39. Ne5+ Kd6 40. Nxd7 Kxd7 41. Qf3 Rc8 42. Qg4+ Kd6 43. Qf4+ Kd7 44. Qg4+ Kd8 45. Qd1 Ke8 46. Qc2 d4 47. h4 d3 48. Qxd3 c2 49. Qb5+ Kf8 50. h5 c1=Q+ 51. Kh2 Qf4+ 52. Kh3 Qf5+ 53. Qxf5+ Nxf5 54. Kg4 Nh6+ 55. Kg5 Kg7 56. f4 Rc5+ 57. Kh4 Rf5 58. g3 Rb5 59. g4 Nf7 60. g5 Nd6 61. Kg4 Nf5 62. a3 Ne3+ 63. Kf3 Rxb3 64. h6+ Kg6 65. Ke4 Nf5 66. a4 Re3+ 67. Kd5 Ra3 68. Ke5 Nxh6 69. gxh6 Rxa4 70. f5+ Kxh6 71. Ke6 Kg7 72. f6+ Kf8 0-1


[Site "https://www.chess.com"]

[Event "Titled Tuesday Blitz November 01 Late 2022"]
[White "Hemam, Moulaye Brahim"]
[Black "Burcu, Cagatay"]
[WhiteFideId "19600054"]
[BlackFideId "6310630"]
[WhiteElo "2088"]
[BlackElo "2231"]
[Result "0-1"]
[Round "04"]
[TimeControl "180+1"]
[Date "2022.11.02"]
[WhiteClock "0:00:50"]
[BlackClock "0:01:47"]

1. e4 c6 2. d4 d5 3. Nc3 dxe4 4. Nxe4 Bf5 5. Ng3 Bg6 6. h4 h6 7. Nf3 Nd7 8. h5 Bh7 9. Bd3 Bxd3 10. Qxd3 e6 11. Bd2 Ngf6 12. O-O-O Be7 13. Ne4 Qc7 14. g3 Nxe4 15. Qxe4 Nf6 16. Qe2 O-O 17. Kb1 Rac8 18. Ne5 c5 19. Bf4 Qb6 20. dxc5 Bxc5 21. f3 Nd5 22. Bd2 Ba3 23. b3 Qd4 24. Nd3 Rc3 25. Bc1 Rxb3+ 26. cxb3 Nc3+ 27. Kc2 Nxe2 28. Bxa3 Rc8+ 29. Kd2 Nxg3 30. Rhg1 Rc3 0-1


[Site "https://www.chess.com"]

[Event "Titled Tuesday Blitz November 01 Late 2022"]
[White "Hjartarson, Johann"]
[Black "Golubova, Anna"]
[WhiteFideId "2300044"]
[BlackFideId "24173606"]
[WhiteElo "2458"]
[BlackElo "2047"]
[Result "0-1"]
[Round "04"]
[TimeControl "180+1"]
[Date "2022.11.02"]
[WhiteClock "0:00:02"]
[BlackClock "0:00:11"]

1. c4 g6 2. Nf3 Bg7 3. g3 d6 4. Bg2 Nf6 5. O-O O-O 6. d4 Nc6 7. Nc3 a6 8. Bg5 h6 9. Bf4 Bg4 10. Rc1 Rb8 11. d5 Na5 12. Nd2 c5 13. h3 Bd7 14. e4 b5 15. b3 bxc4 16. bxc4 Rb4 17. a3 Rb2 18. e5 Nh5 19. Be3 Bxe5 20. Bxh6 Re8 21. Ne2 Qc8 22. g4 Nf6 23. f4 Bd4+ 24. Nxd4 cxd4 25. Nf3 Bxg4 26. hxg4 Nxg4 27. Qxd4 Rxg2+ 28. Kxg2 Nxh6 29. Rh1 Nb3 30. Qc3 Nxc1 31. Rxh6 Qg4+ 32. Kf1 f6 33. Qe3 Kg7 34. Rh4 Qg3 35. Rh7+ Kg8 36. Rh1 Kg7 37. Rg1 Qh3+ 38. Kf2 Na2 39. Rxg6+ Kf8 40. Qe6 Qxe6 41. dxe6 Nc3 42. Ke3 d5 43. Kd4 Ne2+ 44. Ke3 Nc3 45. Kd3 Ne4 46. cxd5 Nd6 47. Nd4 Rb8 48. Rh6 Kg7 49. Rh1 Rb2 50. Rc1 Ra2 51. Rc3 f5 52. Nc6 Kf6 53. Nb4 Ra1 54. Nxa6 Ne4 55. Rb3 Rd1+ 56. Ke3 Rxd5 57. Nb4 Rd1 58. Nd3 Ra1 0-1


[Site "https://www.chess.com"]

[Event "Titled Tuesday Blitz November 01 Late 2022"]
[White "Hughes, Tyler B"]
[Black "Sourath Biswas"]
[WhiteFideId "2026775"]
[BlackFideId "35091484"]
[WhiteElo "2287"]
[BlackElo "2164"]
[Result "1-0"]
[Round "04"]
[TimeControl "180+1"]
[Date "2022.11.02"]
[WhiteClock "0:00:07"]
[BlackClock "0:00:25"]

1. d4 b6 2. c4 Bb7 3. Nc3 Nf6 4. d5 e6 5. a3 Be7 6. g3 O-O 7. Bg2 exd5 8. cxd5 d6 9. Nh3 Nbd7 10. O-O Rc8 11. b4 c6 12. dxc6 Bxc6 13. Bxc6 Rxc6 14. Bb2 Ne5 15. Rc1 Nc4 16. Ba1 Nxa3 17. Qa4 Qc8 18. Nd5 Nxd5 19. Rxc6 Qxh3 20. Qxa3 Nf6 21. Bxf6 Bxf6 22. Qxa7 Qe6 23. e3 Qe4 24. Qxb6 d5 25. b5 d4 26. exd4 Bxd4 27. Qa6 Qf3 28. Qa2 h5 29. Qd2 Rd8 30. Qc2 h4 31. Rc8 Rxc8 32. Qxc8+ Kh7 33. Qh3 g5 34. Qg2 Qb3 35. Qe4+ Kh6 36. Qxd4 Qxb5 37. Qf6+ Kh5 38. Qh8+ Kg4 39. Qd4+ Kh5 40. Qe4 f5 41. Qf3+ g4 42. Qf4 hxg3 43. hxg3 Qd3 44. Kg2 Qd5+ 45. Kh2 Qd3 46. Rh1 Kg6 47. Kg2 Qd5+ 48. Kh2 Qd3 49. Qe3 Qd5 50. Re1 Qa2 51. Qe8+ Kg5 52. Qe7+ Kh5 53. Qe3 Kg6 54. Qe6+ Qxe6 55. Rxe6+ Kf7 56. Ra6 f4 57. gxf4 Kg7 58. Kg3 Kf7 59. Kxg4 Ke8 60. f5 Kd7 61. f6 Kc7 62. Re6 Kb7 63. Re1 Ka7 64. f7 Kb7 65. f8=Q Kc6 66. Qd8 Kb5 67. Qd2 Ka4 68. Rc1 Kb3 69. Qc3+ Ka2 70. Ra1# 1-0


[Site "https://www.chess.com"]